 Dungeon Crawl Stone Soup version 0.29-a0-284-gf9362112df (webtiles) character file.

Game seed: 15128528122814866083

488828 drugrobin the Slayer (level 22, -10/215 HPs)
             Began as a Demigod Fighter on Mar 19, 2022.
             Killed from afar by an ancient lich (83 damage)
             ... with a crystal spear
             ... on level 4 of the Depths on Mar 20, 2022.
             The game lasted 04:27:26 (63595 turns).

drugrobin the Slayer (Demigod Fighter)             Turns: 63595, Time: 04:27:27

Health: -10/215    AC: 33    Str: 29    XL:     22   Next: 77%
Magic:  0/53       EV:  9    Int: 24    God:
Gold:   3936       SH: 15    Dex:  9    Spells: 24/45 levels left

rFire   + + +      SeeInvis .   a - +9 broad axe (freeze)
rCold   + . .      Faith    .   J - +3 kite shield {rF+}
rNeg    + + .      Spirit   +   e - +5 plate armour of the Black Moon {rPois rF++ rN+ Int-2}
rPois   +          Reflect  .   d - +5 helmet of Sin {rC+ Regen+ Stlth+}
rElec   .          Harm     .   U - +2 cloak {Stlth+}
rCorr   +          Rampage  .   B - +2 pair of gloves
Will    ++++.                   c - +0 pair of boots
Stlth   ..........              s - amulet "Fehirphu" {Spirit rF+}
HPRegen 1.25/turn               H - ring "Vinuvitt" {rN+ Will+ MP+9 Dex-4 Slay+3}
MPRegen 0.33/turn               q - ring "Keustiom" {rPois Will+ rCorr}

@: about to teleport, studying Transmutations
A: high MP 1, forlorn, divine attributes
}: 2/15 runes: decaying, serpentine
a: no special abilities


You were on level 4 of the Depths.
You visited 13 branches of the dungeon, and saw 50 of its levels.
You visited 1 bazaar.
You also visited: Gauntlet and Desolation.

You collected 6263 gold pieces.
You spent 2327 gold pieces at shops.

Inventory:

Hand Weapons
 a - a +9 broad axe of freezing (weapon)
Missiles
 m - 3 silver javelins (quivered)
 z - a curare-tipped dart
 N - 6 throwing nets
Armour
 c - a +0 pair of boots (worn)
 d - the +5 helmet of Sin (worn) {rC+ Regen+ Stlth+}
   (You acquired it in a Gauntlet)

   rC:        It protects you from cold.
   Regen:     It increases your rate of health regeneration.
   Stlth:     It makes you more stealthy.
 e - the +5 plate armour of the Black Moon (worn) {rPois rF++ rN+ Int-2}
   (You found it on level 2 of the Depths)

   Int:       It affects your intelligence (-2).
   rF:        It greatly protects you from fire.
   rPois:     It protects you from poison.
   rN:        It protects you from negative energy.
 B - a +2 pair of gloves (worn)
 D - the +1 troll leather armour "Soladudghuo" {Will+++ Regen+ rCorr Int-4 Dex+4}
   (You found it in a Gauntlet)

   Int:       It affects your intelligence (-4).
   Dex:       It affects your dexterity (+4).
   Regen:     It increases your rate of health regeneration.
   rCorr:     It protects you from acid and corrosion.
   Will:      It greatly increases your willpower.
 J - a +3 kite shield of fire resistance (worn)
 U - a +2 cloak of stealth (worn)
Jewellery
 i - the amulet "Otudd" {RegenMP -Tele rElec Int+10 Stlth-}
   (You found it on level 3 of the Elven Halls)

   [amulet of magic regeneration]

   It increases your rate of magic regeneration.
   Int:       It affects your intelligence (+10).
   rElec:     It insulates you from electricity.
   -Tele:     It prevents most forms of teleportation.
   Stlth:     It makes you less stealthy.
 q - the ring "Keustiom" (right hand) {rPois Will+ rCorr}
   (You took it off a deep elf death mage on level 3 of the Elven Halls)

   [ring of poison resistance]

   rPois:     It protects you from poison.
   rCorr:     It protects you from acid and corrosion.
   Will:      It increases your willpower.
 r - a +6 ring of dexterity
 s - the amulet "Fehirphu" (around neck) {Spirit rF+}
   (You found it on level 4 of the Vaults)

   [amulet of guardian spirit]

   It causes incoming damage to be divided between your reserves of health and
   magic.
   rF:        It protects you from fire.
 H - the ring "Vinuvitt" (left hand) {rN+ Will+ MP+9 Dex-4 Slay+3}
   (You took it off an imperial myrmidon in the Desolation of Salt)

   [ring of magical power]

   Dex:       It affects your dexterity (-4).
   Slay:      It affects your accuracy & damage with ranged weapons and melee
   (+3).
   rN:        It protects you from negative energy.
   MP:        It affects your magic capacity (+9).
   Will:      It increases your willpower.
 M - a ring of see invisible
Wands
 o - a wand of mindburst (16)
 t - a wand of paralysis (20)
 A - a wand of iceblast (25)
 K - a wand of charming (3)
 L - a wand of acid (43)
 S - a wand of digging (10)
Scrolls
 g - 2 scrolls of holy word
 l - 3 scrolls of summoning
 n - a scroll of brand weapon
 p - a scroll of enchant weapon
 y - 8 scrolls of fog
 E - 26 scrolls of teleportation
 F - 5 scrolls of blinking
 Q - 7 scrolls of vulnerability
 R - 5 scrolls of fear
 T - 5 scrolls of silence
 Y - 7 scrolls of magic mapping
Potions
 b - 5 potions of might
 f - a potion of flight
 h - 5 potions of lignification
 k - 12 potions of curing
 u - 5 potions of attraction
 v - 6 potions of cancellation
 w - 5 potions of haste
 C - 2 potions of ambrosia
 I - 6 potions of resistance
 P - 2 potions of invisibility
 V - 7 potions of heal wounds
 X - a potion of berserk rage
Miscellaneous
 j - a phantom mirror (inert)
 x - a phial of floods
 G - a lightning rod (4/4)
 O - the horn of Geryon
 W - a box of beasts


   Skills:
 - Level 22.0 Fighting
 - Level 18.0 Axes
 * Level 8.3 Armour
 - Level 9.8 Dodging
 - Level 15.0 Shields
 - Level 12.4 Spellcasting
 * Level 16.2 Necromancy
 - Level 15.0 Evocations


You had 24 spell levels left.
You knew the following spells:

 Your Spells              Type           Power      Damage    Failure   Level
a - Frozen Ramparts       Ice            28%        1d4       88%         3
b - Infestation           Necr           37%        N/A       99%         8
c - Death Channel         Necr           37%        N/A       12%         6
d - Animate Dead          Necr           37%        N/A       1%          4

Your spell library contained the following spells:

 Spells                   Type           Power      Damage    Failure   Level
 Animate Skeleton         Necr           100%       N/A       1%          1
 Pain                     Necr           100%       1d9       1%          1
 Sublimation of Blood     Necr           75%        N/A       1%          2
 Vampiric Draining        Necr           75%        2d11      1%          3
 Dispel Undead            Necr           75%        3d25      1%          4
 Agony                    Necr           75%        N/A       2%          5
 Excruciating Wounds      Necr           37%        N/A       2%          5
 Anguish                  Hex/Necr       26%        N/A       22%         4
 Foxfire                  Conj/Fire      56%        2x1d6     52%         1
 Summon Small Mammal      Summ           56%        N/A       52%         1
 Borgnjor's Vile Clutch   Necr/Erth      26%        N/A       52%         5
 Poisonous Vapours        Pois/Air       28%        N/A       67%         2
 Call Canine Familiar     Summ           14%        N/A       88%         3
 Confusing Touch          Hex            14%        N/A       88%         3
 Conjure Flame            Conj/Fire      14%        6-21      88%         3
 Dazzling Flash           Conj/Hex       28%        N/A       88%         3
 Gell's Gravitas          Tloc           14%        N/A       88%         3
 Ignite Poison            Fire/Tmut/Pois 14%        N/A       88%         3
 Inner Flame              Hex/Fire       14%        N/A       88%         3
 Lesser Beckoning         Tloc           14%        N/A       88%         3
 Mephitic Cloud           Conj/Pois/Air  14%        N/A       88%         3
 Portal Projectile        Hex/Tloc       28%        N/A       88%         3
 Spider Form              Tmut/Pois      14%        N/A       88%         3
 Stone Arrow              Conj/Erth      28%        3d8       88%         3
 Summon Guardian Golem    Hex/Summ       14%        N/A       88%         3
 Teleport Other           Tloc           14%        N/A       88%         3
 Tukima's Dance           Hex            14%        N/A       88%         3
 Simulacrum               Ice/Necr       26%        N/A       98%         6
 Animate Armour           Summ/Erth      28%        N/A       99%         4
 Flame Wave               Conj/Fire      14%        2d6       99%         4
 Fulminant Prism          Conj/Hex       7%         3d7       99%         4
 Hailstorm                Conj/Ice       14%        3d5       99%         4
 Ice Form                 Ice/Tmut       14%        N/A       99%         4
 Iskenderun's Mystic Bla  Conj/Tloc      14%        2d5       99%         4
 Leda's Liquefaction      Hex/Erth       7%         N/A       99%         4
 Olgreb's Toxic Radiance  Pois           14%        N/A       99%         4
 Passage of Golubria      Tloc           14%        N/A       99%         4
 Petrify                  Tmut/Erth      14%        N/A       99%         4
 Summon Ice Beast         Ice/Summ       14%        N/A       99%         4
 Summon Lightning Spire   Summ/Air       14%        N/A       99%         4
 Alistair's Intoxication  Tmut/Pois      9%         N/A       100%        5
 Blade Hands              Tmut           7%         N/A       100%        5
 Fireball                 Conj/Fire      7%         3d5       100%        5
 Irradiate                Conj/Tmut      7%         3d15      100%        5
 Lee's Rapid Deconstruct  Erth           7%         3d7*      100%        5
 Silence                  Hex/Air        7%         N/A       100%        5
 Yara's Violent Unravell  Hex/Tmut       7%         3d5       100%        5
 Eringya's Noxious Bog    Tmut/Pois      7%         N/A       100%        6
 Enfeeble                 Hex            7%         N/A       100%        7
 Haunt                    Necr/Summ      26%        N/A       100%        7
 Ozocubu's Refrigeration  Ice            7%         4d6       100%        7
 Storm Form               Tmut/Air       7%         N/A       100%        7
 Ignition                 Fire           7%         3d4       100%        8
 Lehudib's Crystal Spear  Conj/Erth      7%         10d3      100%        8
 Maxwell's Capacitive Co  Air            7%         ∞         100%        8


Dungeon Overview and Level Annotations

Branches:
Dungeon (15/15)            Temple (0/1) D:6            Lair (6/6) D:11
  Swamp (4/4) Lair:3        Snake (4/4) Lair:3        Slime (0/5) Lair:6
    Orc (2/2) D:10            Elf (3/3) Orc:2        Vaults (5/5) D:14
  Crypt (0/3) Vaults:3     Depths (3/4) D:15           Hell (visited)
    Dis (1/7) Hell            Geh (1/7) Hell            Coc (1/7) Hell
    Tar (3/7) Hell        Desolation (visited)      Gauntlet (visited)

Shops:
Orc:2 ([[*   Elf:1 (   Elf:2 =   Snake:1 ?*(**   Vaults:1 (   Vaults:2 =
Vaults:4 :   Depths:4 ?*

Portals:
Hell: Depths:1 Depths:2 Depths:3
Pandemonium: Depths:2

Annotations:
Snake:3 Mlioglotl
Depths:3 exclusion: 2 doors
Depths:4 Muhabiwk's ghost, adept GnBr; Wyry's ghost, adept FoFi
Tar:2 12 runed doors


Innate Abilities, Weirdness & Mutations

You have an increased reservoir of magic. (+10% MP)
You shall have no god before yourself.
Your divine heritage dramatically boosts your attributes as you level up.


Message History

The crystal spear hits your ugly thing zombie!!!!
Your ugly thing zombie is destroyed!
Unknown command.
Unknown command.
Unknown command.
Unknown command.
Unknown command.
Unknown command.
Unknown command.
As you read the scroll of teleportation, it crumbles to dust.
You feel strangely unstable.
Wyry's ghost hits Muhabiwk's ghost but does no damage.
You block Muhabiwk's ghost's attack.
Your iron troll zombie bites Wyry's ghost but does no damage.
Your iron troll zombie claws Wyry's ghost but does no damage.
Your iron troll zombie misses Wyry's ghost.
Unknown command.
Unknown command.
Unknown command.
Unknown command.
Unknown command.
Unknown command.
You hit Muhabiwk's ghost but do no damage.
Muhabiwk's ghost is severely damaged.
You slice something!! You freeze something.
Your iron troll zombie crumbles into dust!
Something touches you!
Wyry's ghost hits Muhabiwk's ghost but does no damage.
Muhabiwk's ghost casts a spell.
Unknown command.
Unknown command.
Unknown command.
Unknown command.
You slice Muhabiwk's ghost!! You freeze Muhabiwk's ghost.
Muhabiwk's ghost is almost destroyed.
You slash the ice beast! You slash something! You freeze something.
You hear some strange, mumbled words.
A crystal spear appears from out of thin air!
The crystal spear hits you!!!!
You die...

....................# ##
............###.....##..#
............#)##.........
...........##!.#...........
...........#=..#..........$
...#......###⌠.'..###......
..###.....#[?_W'W..###.....
.####.....###⌠.W{..........
...#..###..#:)Y#@..........
#....## #..##?.#.Y.........
.##..####)..#=####.........
.........#..####...........
#..#..###.....ZZ####.......
####.####.###...Z####......
...##8...8##.Z...........
##..##8.....8##..#Z..##....
...##8.......8##.........##


You could see 2 ice beasts, Muhabiwk's ghost (ally target), Wyry's ghost and the
friendly Wyry's ghost (summoned, drained).

Vanquished Creatures
  Bai Suzhen (Swamp:2)
  Geryon (Hell)
  Nikola (Depths:1)
  A profane servitor (Tar:2)
  A golden dragon (Depths:2)
  A bone dragon (Depths:4)
  2 Brimstone Fiends
  An iron giant (Hell)
  A Hell Sentinel (Tar:3)
  2 tentacled monstrosities
  Jorgrun (D:14)
  A searing wretch (Hell)
  An Ice Fiend (Hell)
  3 liches
  A titan (Depths:4)
  3 deep elf blademasters
  2 deep elf master archers (Elf:3)
  Gastronok (Lair:1)
  4 sphinxes
  The ghost of spaghetti the Warrior, an adept NaFi of Trog (Depths:2)
  Murray (Depths:1)
  2 thorn hunters
  The ghost of Mevvefu the Nimble, an adept GnWn of Wu Jian (Snake:4)
  2 ancient champions (Hell)
  4 tengu reavers
  A storm dragon (Vaults:2)
  6 fire giants
  An azure jelly (Swamp:4)
  19 nagarajas
  7 frost giants
  7 deep elf sorcerers
  A balrug (Geh:1)
  10 vault wardens
  2 orc warlords
  3 narguns
  4 deep elf elementalists (Elf:3)
  3 imperial myrmidons (Desolation)
  2 angels (Vaults:3)
  3 ghouls
  2 spriggan defenders (Depths:2)
  A juggernaut zombie (Hell)
  A reaper (Hell)
  15 ironbound preservers
  A broodmother (D:15)
  3 war gargoyles (Vaults:4)
  10 stone giants
  2 caustic shrike skeletons (Hell)
  4 ironbound thunderhulks
  9 very ugly things
  7 deep elf demonologists
  3 vampire knights
  2 eleionomae
  3 putrid mouths (Hell)
  2 halazid warlocks (Desolation)
  2 entropy weavers
  A spark wasp (Depths:2)
  The ghost of seaofthunder the Fighter, a journeyman HOFi of Beogh (Orc:2)
  5 bunyips
  7 deep elf annihilators
  11 dire elephants
  A minotaur (Gauntlet)
  A yellow draconian (Depths:4)
  Snorg (D:11)
  3 blizzard demons
  7 ettins
  7 crystal guardians
  6 deep elf death magi (Elf:3)
  An eidolon (Tar:1)
  An iron golem (Hell)
  A kraken zombie (Hell)
  5 deep elf high priests
  8 ragged hierophants (Desolation)
  5 fire dragons
  A spectral spriggan (Tar:1)
  The ghost of sirJeffrey23 the Cruncher, a journeyman DgGl (Lair:1)
  10 yaktaur captains
  8 servants of whispers (Desolation)
  11 hydras
  A ghost crab (Swamp:4)
  2 shambling mangroves
  9 ice dragons
  3 great orbs of eyes
  11 vault guards
  4 boulder beetles
  24 naga warriors
  11 peacekeepers
  5 salamander tyrants
  2 spriggan air magi (Depths:2)
  3 rakshasas
  4 centaur warriors
  13 alligators
  3 ogre magi
  A spectral shadow dragon (Tar:1)
  8 ironbound frosthearts
  28 dancing weapons
  A stoker (Geh:1)
  7 anacondas
  15 two-headed ogres
  2 death knights
  3 deep troll shamans
  4 deep troll earth magi
  4 tengu warriors
  11 hell hogs
  4 death yaks
  6 shock serpents
  4 spriggan berserkers
  12 naga sharpshooters
  2 soul eaters
  10 spriggans
  15 hell knights
  19 deep elf knights
  Nergalle (D:11)
  5 sun demons (Depths:1)
  4 skeletal warriors
  6 iron trolls
  5 goliath frogs
  2 anaconda zombies (Snake:1)
  A death drake (Elf:2)
  2 salamander mystics
  42 deep trolls
  A sea snake (Elf:2)
  2 spriggan druids
  A death drake (shapeshifter) (Depths:2)
  3 glowing orange brains
  4 swamp dragons
  A kraken simulacrum (Hell)
  6 spectral anacondas (Snake:1)
  3 naga ritualists
  12 lindwurms
  4 bog bodies (Swamp:1)
  10 wizards
  2 phantasmal warriors (Depths:2)
  7 anaconda skeletons
  18 deep elf archers
  24 ironbound convokers
  18 deep elf zephyrmancers
  10 necromancers
  43 ugly things
  6 will-o-the-wisps
  2 orc sorcerers (Orc:1)
  4 orc knights
  33 deep elf pyromancers
  A moth of wrath (Gauntlet)
  A spectral centaur (Tar:1)
  5 mana vipers
  16 salamanders
  9 cyclopes
  A stone giant zombie (Depths:1)
  A spectral ettin (Tar:2)
  4 manticores
  3 rust devils (Hell)
  22 elephants
  Maurice (D:10)
  35 black mambas
  Joseph (D:8)
  A cane toad (shapeshifter) (D:15)
  A torpor snail (Lair:4)
  3 molten gargoyles (Lair:6)
  22 naga magi
  A stone giant skeleton (Depths:1)
  14 guardian serpents
  9 vault sentinels
  15 cane toads
  2 gargoyles
  An efreet (D:11)
  A hellion (Hell)
  6 freezing wraiths
  32 yaktaurs
  2 rime drakes
  A bunyip simulacrum (Coc:1)
  7 anaconda simulacra (Snake:1)
  3 hydra zombies (Hell)
  2 tengu conjurers (D:13)
  2 tormentors (Hell)
  22 komodo dragons
  A spriggan skeleton (Depths:1)
  An ice devil (Depths:1)
  A silent spectre (Tar:1)
  A yaktaur skeleton (Vaults:2)
  A spectral harpy (Tar:1)
  Grinder (D:6)
  A harpy zombie (Hell)
  15 trolls
  12 hornets
  13 tyrant leeches
  26 blink frogs
  68 saltlings (Desolation)
  A tarantella (Elf:2)
  13 slime creatures
  3 air elementals (Elf:2)
  15 dream sheep
  A vampire (D:14)
  4 wraiths
  7 water elementals
  An alligator skeleton (Hell)
  51 yaks
  6 wyverns
  A shadow (D:11)
  15 vampire mosquitoes
  12 basilisks
  2 steam dragons (Lair:6)
  8 redbacks
  4 swamp worm simulacra (Swamp:4)
  21 swamp worms
  A swamp worm (shapeshifter) (Depths:3)
  A yaktaur simulacrum (Vaults:2)
  54 nagas
  3 acid dragons
  4 wargs (Orc:2)
  17 water moccasins
  10 hell hounds
  18 orc warriors
  17 hydra simulacra
  Duvessa (D:7)
  An ice beast (D:6)
  25 ogres
  3 black bears
  7 boggarts
  31 wolves
  2 centaurs
  4 kobold brigands
  7 bullfrogs
  2 earth elementals
  7 necrophages
  A gnoll sergeant (D:10)
  10 wights (D:8)
  Dowan (D:7)
  10 killer bees (D:8)
  2 human simulacra (Vaults:2)
  2 howler monkeys (D:9)
  3 electric eels
  16 jellies
  5 lava snakes (Lair:6)
  6 hounds
  2 gnoll shamans
  15 orc priests
  Crazy Yiuf (D:3)
  5 iguanas
  Natasha (thrice) (D:2)
  15 orc wizards
  15 hell rats
  20 gnolls
  12 adders
  3 shadow imps
  A white imp (D:6)
  4 swamp drake simulacra (Swamp:4)
  2 worms
  2 dart slugs
  54 orcs
  4 ball pythons
  5 endoplasms
  3 giant cockroaches
  7 goblins
  10 hobgoblins
  3 jackals (D:4)
  4 quokkas
  8 bats
  4 frilled lizards
  31 kobolds
  5 rats
  11 briar patches
  A fire vortex (Hell)
1886 creatures vanquished.

Vanquished Creatures (collateral kills)
  An ancient lich (Depths:4)
  Jory (Vaults:2)
  A hellephant (Tar:1)
  A lich (Depths:4)
  Donald (Swamp:1)
  3 very ugly things (Depths:2)
  A vampire knight (Depths:2)
  2 stone giants (Depths:2)
  2 hydras (D:15)
  2 ice dragons (Depths:2)
  A deep troll earth mage (Depths:4)
  A spriggan berserker (Depths:3)
  3 iron trolls
  9 deep trolls
  A necromancer (Depths:2)
  A spectral hydra (Tar:1)
  2 ugly things
33 creatures vanquished.

Vanquished Creatures (others)
  Vv (Depths:3)
  A fire giant (Geh:1)
  A blizzard demon (Hell)
  A caustic shrike simulacrum (Coc:1)
  A spriggan skeleton (Hell)
  A deep elf knight (Elf:2)
  A salamander mystic (Snake:4)
  A deep elf archer (Elf:3)
  A deep elf zephyrmancer (Elf:3)
  A human skeleton (Vaults:2)
  3 bloated husks
  A hornet (Swamp:4)
  A yak (D:11)
  2 harpy simulacra (Coc:1)
  A naga (Snake:4)
  A hell rat (Hell)
  14 foxfires
  40 fungi
  47 plants
  8 tentacles (Hell)
  14 withered plants (Gauntlet)
142 creatures vanquished.

Grand Total: 2061 creatures vanquished

Notes
Turn   | Place    | Note
-------+----------+-------------------------------------------
     0 | D:1      | drugrobin the Demigod Fighter began the quest for the Orb.
     0 | D:1      | Reached XP level 1. HP: 18/18 MP: 3/3
   432 | D:1      | Reached XP level 2. HP: 25/25 MP: 4/4
   512 | D:1      | Reached skill level 3 in Fighting
  1218 | D:2      | Reached XP level 3. HP: 29/31 MP: 5/5
  1629 | D:2      | Noticed Natasha
  1700 | D:2      | Killed Natasha
  2036 | D:2      | Reached XP level 4. HP: 38/38 MP: 6/6
  2348 | D:2      | Noticed Natasha
  2363 | D:2      | Killed Natasha
  2580 | D:2      | Noticed Natasha
  2585 | D:2      | Killed Natasha
  3382 | D:4      | Reached XP level 5. HP: 11/46 MP: 7/7
  3954 | D:3      | Noticed a black bear
  4174 | D:3      | Reached skill level 4 in Fighting
  4861 | D:3      | Killed a black bear
  4862 | D:3      | Reached skill level 5 in Axes
  4862 | D:3      | Reached XP level 6. HP: 39/53 MP: 8/8
  5699 | D:3      | Found a runed translucent door.
  5700 | D:3      | Noticed Crazy Yiuf
  5763 | D:5      | Entered Level 5 of the Dungeon
  6264 | D:4      | Reached XP level 7. HP: 60/60 MP: 9/9
  6569 | D:3      | Paralysed by Crazy Yiuf for 7 turns
  6579 | D:3      | Killed Crazy Yiuf
  6580 | D:3      | Reached skill level 5 in Fighting
  6583 | D:3      | Identified the +1 mace "Raxtiruwk" {drain, MP+9 Int+2
                  | Dex-3}
  7302 | D:6      | Noticed Grinder
  7316 | D:6      | Killed Grinder
  7317 | D:6      | Reached skill level 1 in Evocations
  7342 | D:6      | Reached XP level 8. HP: 53/70 MP: 10/10
  7624 | D:6      | Found a staircase to the Ecumenical Temple.
  7849 | D:7      | Reached skill level 6 in Fighting
  8046 | D:7      | Noticed Duvessa
  8046 | D:7      | Noticed Dowan
  8080 | D:7      | Killed Duvessa
  8084 | D:7      | Killed Dowan
  8113 | D:7      | Noticed a troll
  8124 | D:7      | Killed a troll
  9111 | D:8      | Reached XP level 9. HP: 68/78 MP: 11/11
  9482 | D:8      | Reached skill level 7 in Fighting
 10094 | D:8      | Reached skill level 10 in Axes
 10460 | D:8      | Reached skill level 5 in Evocations
 10506 | D:8      | Noticed Joseph
 10550 | D:8      | Killed Joseph
 11190 | D:9      | Reached XP level 10. HP: 78/88 MP: 13/13
 11738 | D:10     | Entered Level 10 of the Dungeon
 11831 | D:10     | Reached skill level 8 in Fighting
 12029 | D:10     | Found a staircase to the Orcish Mines.
 12456 | D:10     | Noticed Maurice
 12642 | D:11     | Noticed Nergalle
 12696 | D:10     | Killed Maurice
 12732 | D:11     | Noticed a manticore
 12736 | D:10     | Killed a manticore
 12753 | D:11     | Noticed an elephant
 12760 | D:11     | Killed an elephant
 12761 | D:11     | Identified 2 scrolls of acquirement
 12761 | D:11     | Acquired a +3 broad axe of freezing
 12841 | D:11     | Noticed a boulder beetle
 12843 | D:11     | Killed Nergalle
 12885 | D:11     | Noticed a five-headed hydra
 12890 | D:11     | Noticed Snorg
 12891 | D:11     | rip
 12918 | D:11     | Found a gate leading to a gauntlet.
 12927 | Gauntlet | Entered a Gauntlet
 12927 | Gauntlet | Noticed a necromancer
 12927 | Gauntlet | Found a transporter.
 12927 | Gauntlet | Found a transporter.
 12927 | Gauntlet | Found a transporter.
 12928 | Gauntlet | Found a transporter.
 12931 | Gauntlet | Found a transporter.
 12931 | Gauntlet | Found a transporter.
 12938 | Gauntlet | Noticed a wizard
 12940 | Gauntlet | Noticed a moth of wrath
 12941 | Gauntlet | Found a transporter.
 12945 | Gauntlet | Found a transporter.
 12949 | Gauntlet | Noticed a death yak
 12950 | Gauntlet | Noticed a death yak
 12950 | Gauntlet | Noticed a necromancer
 12953 | Gauntlet | Noticed a death yak
 12955 | Gauntlet | Noticed an entropy weaver
 12959 | Gauntlet | Found a transporter.
 13186 | Gauntlet | Acquired the +5 helmet of Sin {rC+ Regen+ Stlth+}
 13227 | Gauntlet | Found a transporter.
 13230 | Gauntlet | Found a transporter.
 13240 | Gauntlet | Found a transporter.
 13454 | Gauntlet | Killed a moth of wrath
 13455 | Gauntlet | Reached XP level 11. HP: 90/95 MP: 14/14
 13504 | Gauntlet | Killed a death yak
 13504 | Gauntlet | Noticed a minotaur
 13514 | Gauntlet | Killed a minotaur
 13526 | Gauntlet | Identified the +1 troll leather armour "Soladudghuo"
                  | {Will+++ Regen+ rCorr Int-4 Dex+4}
 13526 | Gauntlet | Identified the +3 plate armour of Love and Death {Harm rN+
                  | Str+2}
 13665 | D:10     | Reached skill level 9 in Fighting
 14014 | D:11     | Found a staircase to the Lair.
 14045 | Lair:1   | Entered Level 1 of the Lair of Beasts
 14055 | D:11     | Reached skill level 1 in Dodging
 14328 | Lair:1   | Found a runed translucent gate.
 14328 | Lair:1   | Found a runed translucent gate.
 14328 | Lair:1   | Found a runed translucent gate.
 14328 | Lair:1   | Noticed sirJeffrey23's ghost (journeyman DgGl)
 14497 | Lair:1   | Noticed Gastronok
 14515 | Lair:1   | Killed Gastronok
 15075 | Lair:2   | Noticed a seven-headed hydra
 15273 | Lair:2   | Reached XP level 12. HP: 106/106 MP: 15/15
 15414 | Lair:2   | Killed a seven-headed hydra
 15791 | Lair:2   | Reached skill level 10 in Fighting
 16029 | Lair:3   | Noticed an eight-headed hydra
 16057 | Lair:3   | Killed a two-headed hydra
 16241 | Lair:3   | Found a staircase to the Swamp.
 16266 | Lair:3   | Reached skill level 5 in Dodging
 16458 | Lair:3   | Found a staircase to the Snake Pit.
 17484 | Lair:4   | Reached XP level 13. HP: 110/114 MP: 16/16
 18104 | Lair:5   | Reached skill level 11 in Fighting
 18180 | Lair:5   | Reached skill level 15 in Axes
 18685 | Lair:6   | Entered Level 6 of the Lair of Beasts
 18817 | Lair:5   | Reached skill level 10 in Evocations
 19320 | Lair:6   | Found a staircase to the Slime Pits.
 19838 | Lair:6   | Reached XP level 14. HP: 119/125 MP: 17/17
 20090 | Lair:6   | Reached skill level 12 in Fighting
 20223 | Lair:6   | Found a large runed translucent door.
 20408 | Lair:6   | Found a large runed translucent door.
 21276 | Lair:1   | Killed sirJeffrey23's ghost
 21931 | Orc:1    | Entered Level 1 of the Orcish Mines
 21995 | Orc:2    | Entered Level 2 of the Orcish Mines
 22711 | Orc:2    | Found Buat's Weapon Emporium.
 22729 | Orc:2    | Found Suvippaa's Antique Armour Emporium.
 22730 | Orc:2    | Found Tizije's General Store.
 22841 | Orc:2    | Found Foocuin's Armour Shoppe.
 22870 | Orc:2    | Bought a wand of acid (3) for 168 gold pieces
 22870 | Orc:2    | Bought a potion of berserk rage for 60 gold pieces
 23193 | Orc:2    | Found a runed translucent door.
 23193 | Orc:2    | Noticed seaofthunder's ghost (journeyman HOFi)
 23384 | Orc:2    | Found a staircase to the Elven Halls.
 23659 | Orc:2    | Killed seaofthunder's ghost
 24179 | Orc:2    | Bought a shimmering scale mail for 306 gold pieces
 24179 | Orc:2    | Identified the +4 scale mail "Masimuts" {Stlth+} (You
                  | bought it in a shop on level 2 of the Orcish Mines)
 24358 | D:11     | Killed Snorg
 24441 | D:11     | Identified the +4 ring mail of Kixzaoc {rPois rN++ Int-3}
 24469 | D:11     | Reached skill level 13 in Fighting
 24573 | D:11     | Reached XP level 15. HP: 132/135 MP: 18/18
 24979 | D:12     | Identified the +4 chain mail of Foolhardiness {rCorr}
 25739 | D:13     | Identified the +6 hand axe of the Unliving {vorpal, rC+}
 26614 | D:14     | Reached skill level 14 in Fighting
 26885 | D:14     | Found a gate to the Vaults.
 26987 | D:14     | Identified the +1 leather armour "Anyxzeng" {rPois Will-
                  | Str+4 Dex+4}
 27054 | D:14     | Noticed Jorgrun
 27195 | Swamp:1  | Entered Level 1 of the Swamp
 27725 | Swamp:1  | Reached skill level 15 in Fighting
 27830 | Swamp:1  | Noticed a thorn hunter
 27861 | Swamp:1  | Killed a thorn hunter
 27973 | Swamp:1  | Noticed Donald
 28817 | Swamp:2  | Acquired a manual of Spellcasting
 28888 | Swamp:2  | Reached skill level 1 in Spellcasting
 29442 | Swamp:3  | Reached skill level 16 in Fighting
 29545 | Swamp:3  | Noticed a thorn hunter
 29563 | Swamp:3  | Killed a thorn hunter
 29566 | Swamp:3  | Reached XP level 16. HP: 90/151 MP: 14/27
 29675 | Swamp:3  | Reached skill level 5 in Spellcasting
 29847 | Swamp:3  | Noticed Bai Suzhen
 30039 | Swamp:2  | Killed Bai Suzhen
 30374 | Swamp:4  | Entered Level 4 of the Swamp
 30918 | Swamp:3  | Reached skill level 17 in Fighting
 31725 | Swamp:4  | Got a decaying rune of Zot
 31905 | Swamp:1  | Killed Donald
 32004 | Swamp:1  | Found the +5 scythe "Finisher" {speed, eviscerate}
 32134 | Snake:1  | Entered Level 1 of the Snake Pit
 32711 | Snake:1  | Got the Papyrus of Venomous Dark Rituals
 32734 | Snake:1  | Found Luqomp's General Store.
 32737 | Snake:1  | Found Ilomuunn's Specific Store.
 32743 | Snake:1  | Bought a scroll of identify for 28 gold pieces
 32767 | Snake:1  | Found Xoitytyi's Magic Scroll Shoppe.
 32769 | Snake:1  | Found Bodeusy's General Store.
 32771 | Snake:1  | Found Imys Fah's Weapon Shoppe.
 32779 | Snake:1  | Bought a scroll of teleportation for 48 gold pieces
 32779 | Snake:1  | Bought a scroll of teleportation for 48 gold pieces
 32781 | Snake:1  | Bought a scroll of teleportation for 42 gold pieces
 32781 | Snake:1  | Bought a scroll of magic mapping for 49 gold pieces
 33656 | Snake:2  | Reached skill level 5 in Shields
 33832 | Snake:2  | Reached XP level 17. HP: 163/163 MP: 35/35
 34187 | Snake:2  | Reached skill level 18 in Fighting
 35248 | Snake:3  | Noticed Mlioglotl
 35698 | Snake:4  | Entered Level 4 of the Snake Pit
 35872 | Snake:4  | Found a runed translucent gate.
 35872 | Snake:4  | Found a runed translucent gate.
 35872 | Snake:4  | Found a runed translucent gate.
 35874 | Snake:4  | Noticed Mevvefu's ghost (adept GnWn)
 35895 | Snake:4  | Identified the ring "Dosuv" {rC+ rCorr Str+2 Int+3 Stlth+}
 35930 | Snake:4  | Reached skill level 10 in Spellcasting
 38220 | Snake:4  | Got a serpentine rune of Zot
 38837 | Snake:4  | Reached XP level 18. HP: 168/173 MP: 35/38
 39396 | Vaults:1 | Entered Level 1 of the Vaults
 40086 | Vaults:1 | Found Qebet's Weapon Boutique.
 40174 | Vaults:1 | Identified the +5 ring mail of Cynicism {+Blink Will+}
 40200 | Vaults:1 | Identified the +3 arbalest "Pugoloaps" {flame, rF+ rN+
                  | Int+3 Stlth+}
 40329 | Vaults:1 | Reached skill level 10 in Shields
 41353 | Vaults:1 | You fall into a shaft and drop 1 floor!
 41542 | Vaults:2 | Reached skill level 19 in Fighting
 42146 | Vaults:2 | Found Voklun's Jewellery Boutique.
 43063 | Vaults:2 | Reached XP level 19. HP: 180/181 MP: 40/40
 43371 | Vaults:3 | Found a crumbling gateway.
 43463 | Desolati | Entered the Desolation of Salt
 43588 | Desolati | Identified the ring "Vinuvitt" {rN+ Will+ MP+9 Dex-4
                  | Slay+3}
 43634 | Desolati | Identified the +9 dagger of Neurosis {spect, Will+ Str+4}
 43861 | Desolati | Found the +0 staff of Battle
 43908 | Desolati | Identified the +6 shortbow of the Ancients {flame, Str+5}
 43913 | Desolati | Identified the ring "Kuafof" {Ice Will+ MP+9 Str-4}
 43930 | Desolati | Identified the ring "Kien" {*Slow rC+ Will+ Int+4 SInv}
 43935 | Desolati | Got the Tome of the Blaze and Battle Magic
 44988 | Desolati | Reached skill level 15 in Evocations
 45072 | Desolati | Identified the +9 scythe of the Unseen Realm {holy, rPois
                  | rCorr}
 45072 | Desolati | Identified the amulet of Keurphyn {Faith -Tele rN++ Slay+2}
 45458 | Vaults:3 | Noticed Jory
 45484 | Vaults:2 | Killed Jory
 46660 | Vaults:3 | Reached skill level 20 in Fighting
 46822 | Vaults:3 | Found a staircase to the Crypt.
 47723 | Vaults:4 | Reached skill level 15 in Shields
 47730 | Vaults:4 | Reached XP level 20. HP: 137/193 MP: 32/42
 47952 | Vaults:4 | Found Bipn's Book Shoppe.
 48184 | Vaults:4 | Identified the amulet "Fehirphu" {Spirit rF+}
 48561 | Vaults:5 | Entered Level 5 of the Vaults
 48977 | Snake:4  | Killed Mevvefu's ghost
 49306 | Elf:1    | Entered Level 1 of the Elven Halls
 49353 | Elf:1    | Reached skill level 21 in Fighting
 49688 | Elf:1    | Reached skill level 5 in Armour
 49996 | Elf:1    | Found Castahug's Weapon Boutique.
 50444 | Elf:2    | Found Moriph's Jewellery Shop.
 50856 | Elf:2    | Found a runed translucent gate.
 50856 | Elf:2    | Found a runed translucent gate.
 50856 | Elf:2    | Found a runed translucent gate.
 52151 | Elf:2    | Got the Handbook of Toxins
 52256 | Elf:2    | Paralysed by an air elemental for 1 turns
 52274 | Elf:3    | Entered Level 3 of the Elven Halls
 53015 | Elf:3    | Learned a level 3 spell: Frozen Ramparts
 53360 | Elf:3    | Reached skill level 22 in Fighting
 53775 | Elf:3    | Reached XP level 21. HP: 207/207 MP: 43/43
 54118 | Elf:3    | Identified the +8 whip of Pirog {vorpal, Dex+2}
 54233 | Elf:3    | Identified the ring "Keustiom" {rPois Will+ rCorr}
 54428 | Elf:3    | Identified the +0 helmet of Filth {rF+ Str+2}
 54431 | Elf:3    | Identified the amulet "Otudd" {RegenMP -Tele rElec Int+10
                  | Stlth-}
 54447 | Elf:3    | Identified the ring "Achu" {Fly rC- Str+4 Dex+3}
 54455 | Elf:3    | Identified the +8 flail of Ileggor {vorpal, rC+ Str+3
                  | Int+3}
 54456 | Elf:3    | Identified the +4 spear of Hemeb {flame, Will++}
 54517 | Elf:3    | Learned a level 8 spell: Infestation
 54605 | Elf:3    | Reached skill level 1 in Necromancy
 55043 | D:14     | Killed Jorgrun
 55076 | D:15     | Entered Level 15 of the Dungeon
 55683 | D:15     | Reached skill level 5 in Necromancy
 55688 | D:15     | Found a staircase to the Depths.
 56091 | Depths:1 | Entered Level 1 of the Depths
 56472 | Depths:1 | Noticed Nikola
 56582 | D:15     | Learned a level 6 spell: Death Channel
 56596 | Depths:1 | Killed Nikola
 56695 | Depths:1 | Found a gateway to Hell.
 57445 | Hell     | Entered the Vestibule of Hell
 57445 | Hell     | Noticed Murray
 57445 | Hell     | Noticed Geryon
 57557 | Depths:1 | Killed Murray
 57965 | Depths:2 | Identified the +5 plate armour of the Black Moon {rPois
                  | rF++ rN+ Int-2}
 58577 | Depths:2 | Found a one-way gate leading to the halls of Pandemonium.
 58739 | Depths:2 | Reached skill level 10 in Necromancy
 58818 | Depths:2 | Noticed a golden dragon
 58832 | Depths:2 | Killed a golden dragon
 58853 | Depths:2 | Learned a level 4 spell: Animate Dead
 59446 | Depths:2 | Found a runed translucent door.
 59446 | Depths:2 | Noticed spaghetti's ghost (adept NaFi)
 59460 | Depths:2 | Killed spaghetti's ghost
 59462 | Depths:2 | Identified the +1 helmet of Disguise {rPois rN+ Regen+}
 59652 | Depths:2 | Reached XP level 22. HP: 215/215 MP: 44/44
 60677 | Hell     | Killed Geryon
 60835 | Hell     | Found a gateway to the ashen valley of Gehenna.
 60907 | Geh:1    | Entered Level 1 of Gehenna
 61537 | Hell     | Found a gateway to the Iron City of Dis.
 61660 | Hell     | Found a gateway to the freezing wastes of Cocytus.
 61686 | Coc:1    | Entered Level 1 of Cocytus
 61861 | Hell     | Found a gateway to the decaying netherworld of Tartarus.
 61990 | Tar:1    | Entered Level 1 of Tartarus
 62170 | Tar:1    | Reached skill level 15 in Necromancy
 62175 | Tar:2    | Found a huge runed gate.
 62175 | Tar:2    | Found a huge runed gate.
 62175 | Tar:2    | Found a huge runed gate.
 62175 | Tar:2    | Found a huge runed gate.
 62175 | Tar:2    | Found a huge runed gate.
 62194 | Tar:2    | Found a huge runed gate.
 62195 | Tar:2    | Found a huge runed gate.
 62196 | Tar:2    | Found a huge runed gate.
 62196 | Tar:2    | Found a huge runed gate.
 62198 | Tar:2    | Found a huge runed gate.
 62199 | Tar:2    | Found a huge runed gate.
 62200 | Tar:2    | Found a huge runed gate.
 62386 | Dis:1    | Entered Level 1 of the Iron City of Dis
 62626 | Depths:3 | Noticed Vv
 62830 | Depths:3 | Found a flickering gateway to a bazaar.
 62837 | Bazaar   | Entered a bazaar
 62837 | Bazaar   | Found Maiwk's Magic Scroll Emporium.
 62845 | Bazaar   | Bought a scroll of blinking for 90 gold pieces
 62845 | Bazaar   | Bought a scroll of teleportation for 36 gold pieces
 62845 | Bazaar   | Bought a scroll of enchant weapon for 90 gold pieces
 62848 | Bazaar   | Found Himibouf's Armour Shoppe.
 62854 | Bazaar   | Found Geha's General Store.
 62860 | Bazaar   | Found Akkoah's Magic Scroll Emporium.
 62862 | Bazaar   | Bought a book of Displacement for 288 gold pieces
 62864 | Bazaar   | Bought a potion of heal wounds for 60 gold pieces
 62871 | Bazaar   | Bought a scroll of teleportation for 33 gold pieces
 62871 | Bazaar   | Bought a scroll of teleportation for 33 gold pieces
 62871 | Bazaar   | Bought a scroll of fog for 22 gold pieces
 62898 | Bazaar   | Bought the +0 mask of the Dragon {Will+ Slay+3 SInv} for
                  | 434 gold pieces
 62898 | Bazaar   | Found the +0 mask of the Dragon {Will+ Slay+3 SInv}
 62937 | Bazaar   | Bought a scroll of brand weapon for 240 gold pieces
 63100 | Depths:3 | Killed Vv
 63190 | Depths:3 | You fall into a shaft and drop 1 floor!
 63190 | Depths:4 | Entered Level 4 of the Depths
 63285 | Depths:4 | Found Ranaaf's General Store.
 63285 | Depths:4 | Found Pidyg's Magic Scroll Emporium.
 63293 | Depths:4 | Bought a scroll of magic mapping for 42 gold pieces
 63293 | Depths:4 | Bought a scroll of teleportation for 36 gold pieces
 63293 | Depths:4 | Bought a scroll of blinking for 90 gold pieces
 63293 | Depths:4 | Bought a scroll of magic mapping for 42 gold pieces
 63293 | Depths:4 | Bought a scroll of magic mapping for 42 gold pieces
 63519 | Depths:4 | Found a runed translucent gate.
 63519 | Depths:4 | Found a runed translucent gate.
 63519 | Depths:4 | Found a runed translucent gate.
 63519 | Depths:4 | Noticed Muhabiwk's ghost (adept GnBr)
 63519 | Depths:4 | Noticed Wyry's ghost (adept FoFi)
 63519 | Depths:4 | Noticed an ancient lich
 63520 | Depths:4 | Noticed an ancient lich
 63577 | Depths:4 | Killed an ancient lich
 63595 | Depths:4 | Killed from afar by an ancient lich

Illustrated notes

*,,,,,<,,,*
*,,,,,,,*
*,,,,,,,,,*
******,,,,,,,*
*,,,,.,,,,*
*,,,,,,,,,,,,*
*,,,,..,,,*
*,****,,,,,,,*
*,,,,...,,* *,*
*,*******
*,,,,..T.,* *,#
*,*
*,,,,.....#####.#
*,*
*,,,,...........#
*,*
*****.......@...#
*,*******
*########.).#
*,,>,,,,*
#...#####*******
#.......#
#.......#
#..T....#
#.......#
#.......#*******
##########
#........,,,,,,*


Turn 12891 on D:11: rip

Levels and vault maps discovered:
D:1:      minmay_arrival_jagged, layout_basic, dreamdust_ecumenical_altar_grove
D:2:      kennysheep_big_flooded_room, layout_loops_cross, basic_altar,
          serial_forest, infiniplex_forest_clump_curved,
          infiniplex_forest_straight_1, infiniplex_forest_clump_small,
          infiniplex_forest_zigzag_2, infiniplex_forest_corner_2, uniq_natasha
D:3:      layout_loops_ring, mainiacjoe_overflow_brackets,
          uniq_crazy_yiuf_cottage
D:4:      layout_cave_pools
D:5:      layout_cave_pools, sigmund_army
D:6:      layout_basic, mainiacjoe_overflow_chevrons, grunt_gozag_breadcrumbs,
          minmay_temple_entry_statues_fountains, uniq_grinder
D:7:      layout_loops_ring, uniq_duvessa
D:8:      layout_basic, nicolae_two_hexagons, lightli_minifort, uniq_joseph
D:9:      layout_loops_ring, elyvilon_altar_5
D:10:     layout_basic, minitemple, hiddenorc1_lemuel, uniq_maurice
D:11:     minmay_the_grid_triangle_9x9_line_8_mashed
          [minmay_the_grid_triangle_9x9_zippers_vertical,
          minmay_the_grid_triangle_9x9_semitri,
          minmay_the_grid_triangle_9x9_longest,
          minmay_the_grid_triangle_9x9_limited_checkers,
          minmay_the_grid_triangle_9x9_corrupted_corridor,
          minmay_the_grid_triangle_9x9_sprig,
          minmay_the_grid_triangle_9x9_steps,
          minmay_the_grid_triangle_9x9_prize_schism], layout_small_grid,
          david_lair_generic, gauntlet_entry_generic, uniq_nergalle, uniq_snorg
D:12:     layout_loops_ring
D:13:     layout_cave_pods, corexii_checkpoint_a
D:14:     layout_roguey, erik_vaults_1, hangedman_abyss_or_decor_slice,
          uniq_jorgrun
D:15:     grunt_enter_depths_hoard, layout_basic, nicolae_ru_awakened_eye
Lair:1:   layout_chaotic_city, serial_bayou, serial_bayou_pond_e,
          serial_bayou_pond_d, serial_bayou_pond_d, serial_bayou_shore_b,
          ebering_ghost_rock_garden, uniq_gastronok
Lair:2:   layout_hall_layers, grunt_megastairs_1
Lair:3:   layout_regular_city, minmay_swamp_entry_reptiles,
          minmay_snake_entry_guardpost_medium, serial_bayou_shore_a
Lair:4:   layout_gridlike, nicolae_lair_lil_pond,
          chequers_serial_rivers_large_a, infiniplex_staircase_pool_2
Lair:5:   layout_regular_city, chequers_serial_rivers_room_b,
          roderic_carrion_pond
Lair:6:   cheibrodos_lair_end_hotspot, layout_cave_pods,
          minmay_slime_entry_jelly_boxes, chequers_serial_rivers_large_b,
          chequers_serial_rivers_micro_d
Swamp:1:  layout_basic_swamp, evilmike_swamp_ruin_rubble_2, uniq_donald
Swamp:2:  layout_basic_swamp, evilmike_swamp_ruin_house_1, swamp_pool3
Swamp:3:  layout_basic_swamp, evilmike_swamp_ruin_house_6, uniq_bai_suzhen
Swamp:4:  swamp_icy, layout_basic_swamp
Snake:1:  layout_rooms, nicolae_specific_store, nicolae_snake_dead_anacondas,
          minmay_shop_star
Snake:2:  layout_grid_maze, serial_bayou_shore_b
Snake:3:  layout_layer_cave, uniq_mlioglotl
Snake:4:  grunt_snake_rune_spirals, layout_onion, gammafunk_ghost_split,
          nicolae_snake_gridmaze_entwining
Orc:1:    layout_diamond_mine
Orc:2:    st_orc_open, layout_caves, gammafunk_ghost_grave
Elf:1:    layout_loops_cross, serial_shops, shop, kennysheep_underground_church
Elf:2:    nicolae_elf_blades_splatter_lattice [nooodl_blade_entry_preview],
          layout_geoelf_octagon, serial_shops, shop,
          hangedman_research_toxicology
Elf:3:    elf_hall, layout_loops_cross, drop_trap, serial_sigils_hangedman_shear
Vaults:1: nicolae_vaults_yaktaur_gun_rack, vaults_standard_mumra_x,
          ontoclasm_vaults_ring_small, v_alt_pattern_3,
          vaults_room_grunt_arrival_ludios, hangedman_vaults_snaps,
          nicolae_vaults_disjoint_gnomons, nicolae_vaults_stairing_the_circle,
          nicolae_vaults_little_ls, nicolae_vaults_little_squares_6,
          ontoclasm_vaults_ring_square, layout_vaults_ring, serial_shops,
          nicolae_shop_bloodbath_and_beyond
Vaults:2: vaults_dpeg_doors, nicolae_vaults_disjoint_gnomons,
          ontoclasm_vaults_ring_large, ontoclasm_vaults_chip,
          nicolae_vaults_three_branches, v_misc_30, nicolae_vaults_shelves_hall,
          nicolae_vaults_c_with_doors, vaults_dpeg_diagonal,
          hangedman_vaults_maws, v_misc_30, nicolae_vaults_gold_heap,
          layout_vaults_big_cross, serial_shops, nicolae_lakefront_shop
Vaults:3: portal_desolation_entry_holy_temple, v_pattern_5, vaults_dpeg_hooks,
          minmay_crypt_entry_simple_statues, v_misc_17, layout_vaults_omnigrid,
          uniq_jory
Vaults:4: vaults_dpeg_cross, vaults_room_door_ring, vaults_mumra_hexcomb,
          vaults_room_fours, hangedman_vaults_maws, ontoclasm_vaults_chip,
          grunt_vaults_swirl, v_pattern_1, grunt_vaults_hallway_short,
          layout_vaults_big_room, serial_shops, shop
Vaults:5
Depths:1: layout_basic, hangedman_geh_valley, lemuel_tele_altar,
          serial_sigils_hangedman_scratch,
          nicolae_uskayaw_murder_on_the_dancefloor, grunt_megastairs_4,
          uniq_nikola
Depths:2: minmay_nested_s, layout_honeycomb, gammafunk_ghost_grave, hell_entry,
          pan_entry, roderic_lattice_octagonal_star
Depths:3: dpeg_oklob_gauntlet, layout_cave_shapes, grunt_hell_horde,
          serial_shops, bzr_entry_water, abyss_entry_flame_altar,
          grunt_decor_one_mirror, serial_sigils_hangedman_carve,
          infiniplex_staircase_pillars_1, minmay_shop_grove, uniq_vv
Depths:4: evilmike_zot_entry_hall, layout_cave_shapes, enter_ziggurat_d,
          nicolae_dithmenos_through_a_glass_darkly, grunt_pan_entry_spiral,
          hangedman_coc_ice_floe, gammafunk_ghost_crypt, minivault_14,
          minmay_shoptagon
Hell
Dis:1:    layout_subdivisions, nicolae_hells_leichenhalle
Geh:1:    layout_gehenna_lava_caves
Coc:1:    layout_cocytus_water_paths
Tar:1:    layout_catacombs, nicolae_tar_cuneiform_bread,
          nicolae_tar_honey_rotating
Tar:2:    layout_cathedral_of_symmetry, nicolae_tar_cuneiform_bird, door_vault
Tar:3:    layout_grid_maze, nicolae_tar_cuneiform_oil, nicolae_tar_cuneiform_not

Skill      XL: |  1  2  3  4  5  6  7  8  9 10 11 12 13 14 15 16 17 18 19 20 21 22 |
---------------+-------------------------------------------------------------------+-----
Axes           | 2 3 4 5 6 7 8 10 11 13 14 16 17 18 | 18.0
Fighting       | 3 4 5 6 7 8 9 10 11 13 16 17 18 19 20 22 | 22.0
Evocations     | 1 3 5 6 8 9 10 11 12 13 14 15 | 15.0
Armour         | 4 7 8 |  8.3
Dodging        | 3 5 6 8 9 |  9.8
Spellcasting   | 4 9 11 12 | 12.4
Shields        | 5 9 11 15 | 15.0
Necromancy     | 12 16 | 16.2

Action                   |  1- 3 |  4- 6 |  7- 9 | 10-12 | 13-15 | 16-18 | 19-21 | 22-24 || total
-------------------------+-------+-------+-------+-------+-------+-------+-------+-------++-------
Melee: War axe           |   113 |   134 |    17 |       |       |       |       |       ||   264
       Flail             |       |    52 |   134 |       |       |       |       |       ||   186
       Mace              |       |       |   117 |       |       |       |       |       ||   117
       Battleaxe         |       |       |    52 |   115 |       |       |       |       ||   167
       Trident           |       |       |    48 |       |       |       |       |       ||    48
       Broad axe         |       |       |       |   363 |  1179 |  1563 |  1787 |   633 ||  5525
       Hand axe          |       |       |       |     6 |    65 |    41 |       |       ||   112
       Dagger            |       |       |       |       |     3 |       |       |       ||     3
Throw: Stone             |       |     7 |    18 |       |       |       |       |       ||    25
       Dart              |       |    11 |    22 |    14 |   119 |     2 |     1 |     1 ||   170
       Boomerang         |       |       |     8 |    23 |    22 |    31 |       |       ||    84
       Throwing net      |       |       |       |       |     1 |       |     1 |       ||     2
       Javelin           |       |       |       |       |       |    27 |    23 |       ||    50
 Cast: Death Channel     |       |       |       |       |       |       |     7 |     4 ||    11
       Animate Dead      |       |       |       |       |       |       |     2 |     6 ||     8
       Frozen Ramparts   |       |       |       |       |       |       |     1 |     1 ||     2
Evoke: Wand              |       |       |     9 |     9 |       |       |     8 |     9 ||    35
       Lightning rod     |       |       |       |     4 |       |       |     9 |       ||    13
       Piece from Xom's  |       |       |       |       |     8 |    14 |     4 |       ||    26
       Phantom mirror    |       |       |       |       |     1 |     2 |       |     2 ||     5
       Box of beasts     |       |       |       |       |       |       |     4 |       ||     4
       Phial of floods   |       |       |       |       |       |       |     2 |       ||     2
       Horn of Geryon    |       |       |       |       |       |       |       |     1 ||     1
  Use: Scroll            |       |     1 |       |    23 |     8 |     3 |     4 |     2 ||    41
       Potion            |       |       |     1 |     1 |     1 |     1 |     3 |       ||     7
 Stab: Paralysed         |       |       |    19 |     8 |       |       |       |       ||    27
       Sleeping          |       |       |       |    12 |    13 |    25 |    25 |       ||    75
       Distracted        |       |       |       |     2 |     6 |     8 |     5 |     6 ||    27
       Held in net/web   |       |       |       |       |     2 |       |     1 |       ||     3
Armor: Scale mail        |    65 |    66 |   145 |    82 |       |       |       |       ||   358
       Troll leather arm |       |       |       |   108 |   307 |   428 |   400 |    24 ||  1267
       Chain mail        |       |       |       |       |     3 |       |       |       ||     3
       Plate armour      |       |       |       |       |       |       |       |   422 ||   422
Dodge: Dodged            |    61 |   152 |   226 |   332 |   591 |   651 |   643 |   274 ||  2930
Block: Buckler           |    21 |    41 |    73 |   114 |   253 |    68 |       |       ||   570
       Kite shield       |       |       |       |       |       |   736 |   996 |   595 ||  2327
       Reflection        |       |       |       |       |       |     9 |    12 |       ||    21

Table legend: (Time is in decaauts)
 A = Elapsed time spent in this place.
 B = Non-inter-level travel time spent in this place.
 C = Inter-level travel time spent in this place.
 D = Time resting spent in this place.
 E = Time spent auto-exploring this place.
 F = Levels seen in this place.
 G = Mean time per level.
                   A        B        C        D        E       F      G
               +--------+--------+--------+--------+--------+-----+--------+
         Total |  63127 |  58486 |   4641 |   9810 |  25901 |  53 | 1191.1 |
       Dungeon |  18832 |  17228 |   1604 |   3106 |   8981 |  15 | 1255.5 |
          Lair |   7606 |   6878 |    728 |    210 |   4140 |   6 | 1267.7 |
         Swamp |   4920 |   4690 |    230 |   1031 |   1532 |   4 | 1230.0 |
     Snake Pit |   7012 |   6519 |    493 |   1125 |   2706 |   4 | 1753.0 |
  Orcish Mines |   2484 |   2165 |    319 |    370 |    863 |   2 | 1242.0 |
   Elven Halls |   5313 |   5134 |    179 |   1112 |   1893 |   3 | 1771.0 |
        Vaults |   7237 |   6830 |    407 |    818 |   3317 |   5 | 1447.4 |
        Depths |   5230 |   4671 |    559 |   1123 |   1716 |   4 | 1307.5 |
          Hell |   1645 |   1527 |    118 |    568 |    277 |   1 | 1645.0 |
           Dis |     21 |     21 |      0 |      0 |      0 |   1 |   21.0 |
       Gehenna |     95 |     95 |      0 |      0 |      0 |   1 |   95.0 |
       Cocytus |     12 |     12 |      0 |      0 |      0 |   1 |   12.0 |
      Tartarus |    116 |    116 |      0 |      0 |      0 |   3 |   38.7 |
        Bazaar |    135 |    135 |      0 |      0 |      0 |   1 |  135.0 |
    Desolation |   1766 |   1766 |      0 |    185 |    399 |   1 | 1766.0 |
      Gauntlet |    695 |    695 |      0 |    159 |     76 |   1 |  695.0 |
               +--------+--------+--------+--------+--------+-----+--------+

Top non-repeatable levels by time:
 Snake:4: 3020 daAuts
  Lair:6: 2383 daAuts
Depths:1: 2367 daAuts
   Elf:2: 2250 daAuts
Depths:2: 2180 daAuts
   Elf:3: 2160 daAuts
Vaults:1: 2116 daAuts
   Orc:2: 1993 daAuts
Vaults:2: 1939 daAuts
     D:8: 1830 daAuts
     D:2: 1784 daAuts
Desolation: 1766 daAuts
 Snake:2: 1736 daAuts
     D:3: 1663 daAuts
    Hell: 1645 daAuts
